Map: Nightshade LE

Players

antagomiR - Winner!

  • Race: Protoss Protoss
  • League: Gold
  • Spawn Location: 11:00

OhNoItsJoeO

  • Race: Terran Terran
  • League: Gold
  • Spawn Location: 5:00

VOD

Have the link to the VOD?

Description

Time

  • Played on: April 19, 2020, 4:34 p.m.
  • Length: 23:06
Show
View Real Time Build Order
Export as new Build Order

antagomiR Protoss - Winner!

Build Orders:  

Get SALT Encoding   

  12  0:01  Probe  
  13  0:13  Probe  
  14  0:18  Pylon  
  14  0:25  Probe  
  15  0:38  Gateway  
  15  0:40  Probe (Chrono Boost)  
  17  0:51  Probe (Chrono Boost)  
  17  0:57  Probe (Chrono Boost), Assimilator  
  18  1:08  Probe, Assimilator  
  19  1:20  Probe  
  20  1:25  Cybernetics Core  
  20  1:32  Probe  
  21  1:35  Pylon  
  21  1:48  Probe  
  22  2:00  Probe  
  23  2:04  Warp Gate (Chrono Boost)  
  23  2:12  Probe  
  23  2:13  Robotics Facility  
  24  2:19  Stalker (Chrono Boost)  
  25  2:34  Nexus  
  25  2:36  Probe  
  26  2:48  Probe  
  26  2:50  Stalker  
  29  2:58  Pylon  
  29  3:00  Probe  
  30  3:06  Observer  
  31  3:16  Probe  
  32  3:21  Sentry  
  34  3:27  Observer  
  34  3:28  Probe  
  36  3:35  Pylon  
  36  3:52  Probe, Immortal (Chrono Boost)  
  36  3:53  Probe  
  42  3:58  Sentry  
  44  4:12  Shield Battery  
  44  4:26  Shield Battery  
  40  4:38  Stalker  
  38  4:44  Immortal (Chrono Boost)  
  37  4:49  Gateway x2  
  41  5:00  Pylon  
  41  5:06  Stalker  
  43  5:20  Probe x2  
  45  5:21  Immortal (Chrono Boost)  
  49  5:40  Probe x2  
  51  5:44  Pylon  
  51  5:47  Pylon  
  51  5:51  Sentry  
  53  6:00  Probe  
  53  6:02  Probe  
  55  6:08  Pylon  
  55  6:12  Probe  
  55  6:13  Shield Battery x2  
  55  6:14  Probe  
  53  6:23  Stalker x2  
  53  6:24  Assimilator  
  56  6:27  Assimilator  
  54  6:40  Stalker  
  52  6:49  Stalker  
  52  6:50  Stalker  
  52  7:04  Probe x2  
  54  7:16  Probe  
  54  7:19  Probe  
  56  7:26  Forge  
  56  7:28  Stalker x2  
  56  7:29  Probe  
  61  7:37  Probe  
  62  7:41  Probe  
  62  7:42  Pylon  
  63  7:49  Probe  
  64  7:57  Observer  
  64  7:58  Pylon  
  64  8:01  Pylon  
  64  8:03  Photon Cannon  
  64  8:08  Photon Cannon  
  64  8:09  Protoss Ground Weapons Level 1 (Chrono Boost)  
  64  8:14  Photon Cannon  
  64  8:15  Probe  
  65  8:20  Probe  
  66  8:27  Probe  
  67  8:44  Stalker x3  
  72  8:55  Stargate  
  72  8:56  Stargate  
  72  9:03  Photon Cannon  
  72  9:05  Photon Cannon  
  72  9:07  Observer  
  73  9:10  Stalker x2  
  73  9:39  Stalker x3  
  79  9:46  Nexus  
  79  9:50  Pylon  
  79  9:52  Pylon  
  79  10:15  Stalker  
  79  10:16  Stalker x2  
  85  10:24  Fleet Beacon  
  85  10:31  Void Ray  
  89  10:41  Photon Cannon  
  89  10:43  Shield Battery  
  89  10:49  Stalker x2  
  90  11:09  Pylon  
  90  11:13  Pylon  
  90  11:15  Assimilator  
  90  11:16  Pylon  
  84  11:33  Void Ray x2 (Chrono Boost)  
  92  11:42  Pylon  
  92  11:49  Shield Battery  
  92  11:58  Stargate  
  92  12:05  Photon Cannon  
  92  12:08  Void Ray  
  96  12:16  Twilight Council  
  96  12:35  Probe x3  
  97  12:47  Probe x3  
  100  12:52  Photon Cannon  
  100  12:55  Photon Cannon  
  96  12:59  Probe x2 (Chrono Boost)  
  96  13:00  Probe (Chrono Boost)  
  96  13:05  Protoss Ground Weapons Level 2, Void Ray  
  99  13:11  Probe (Chrono Boost)  
  102  13:13  Probe (Chrono Boost)  
  102  13:17  Probe (Chrono Boost)  
  103  13:20  Probe (Chrono Boost)  
  103  13:21  Probe (Chrono Boost)  
  103  13:24  Probe (Chrono Boost)  
  103  13:26  Probe  
  105  13:27  Protoss Air Weapons Level 1 (Chrono Boost)  
  106  13:35  Probe, Stalker x2  
  106  13:36  Stalker  
  113  13:58  Tempest x3, Photon Cannon  
  128  14:13  Zealot x3  
  134  14:26  Warp Prism  
  136  14:35  Stalker x2  
  140  14:44  Blink (Chrono Boost)  
  140  14:47  Pylon  
  140  14:49  Pylon  
  140  14:53  Pylon  
  140  14:57  Assimilator  
  140  14:58  Pylon  
  140  15:01  Probe  
  140  15:04  Warp Prism  
  140  15:05  Probe x2  
  145  15:12  Nexus  
  145  15:13  Probe  
  146  15:16  Pylon  
  146  15:17  Probe  
  146  15:20  Pylon  
  147  15:22  Pylon  
  147  15:32  Stalker  
  147  15:33  Stalker x2  
  153  15:47  Pylon  
  153  16:00  Tempest x3  
  168  16:17  Shield Battery  
  168  16:23  Photon Cannon  
  168  16:24  Probe x2  
  168  16:25  Probe x2  
  172  16:27  Photon Cannon  
  172  16:31  Photon Cannon  
  172  16:35  Photon Cannon  
  172  16:36  Probe  
  172  16:37  Probe  
  172  16:38  Gateway  
  176  16:40  Gateway  
  176  16:43  Tempest x2  
  184  16:52  Stalker x2  
  184  16:53  Stalker  
  190  17:05  Gateway x2  
  190  17:10  Probe x3  
  193  17:30  Carrier  
  193  17:36  Nexus  
  199  17:37  Pylon  
  199  17:41  Pylon  
  199  18:26  Zealot  
  199  18:27  Zealot  
  199  18:50  Shield Battery  
  198  18:59  Stalker  
  193  19:22  Stalker x2  
  193  19:23  Stalker x3  
  191  19:25  Stalker x2  
  195  19:55  Tempest  
  200  20:54  Nexus  
  200  20:55  Pylon  
  200  20:58  Pylon  
  200  21:59  Photon Cannon  
  200  22:00  Shield Battery  
  190  22:52  Zealot x4  
  190  22:53  Zealot  
Show
View Real Time Build Order
Export as new Build Order

OhNoItsJoeO Terran 

Build Orders: 1/1/1 

Get SALT Encoding   

  12  0:01  SCV  
  13  0:13  SCV  
  14  0:18  Supply Depot  
  14  0:25  SCV  
  15  0:30  Refinery  
  15  0:41  Barracks  
  15  0:45  SCV  
  16  0:57  SCV  
  16  0:58  Refinery  
  17  1:09  SCV  
  18  1:21  SCV  
  19  1:28  Supply Depot  
  19  1:30  Barracks Reactor  
  19  1:33  SCV  
  20  1:40  Factory  
  20  2:09  Marine  
  20  2:10  Marine  
  20  2:14  SCV  
  23  2:25  Factory Tech Lab  
  23  2:26  Starport  
  23  2:27  Marine x2  
  25  2:33  Supply Depot  
  25  2:43  SCV  
  26  2:47  Siege Tank  
  29  2:55  Supply Depot  
  29  3:04  Starport Tech Lab  
  29  3:12  Fusion Core  
  29  3:14  Marine x2  
  31  3:28  Siege Tank  
  31  3:32  Supply Depot  
  34  3:51  SCV  
  35  3:57  Marine  
  35  3:58  Marine  
  37  4:08  Engineering Bay  
  34  4:49  Battlecruiser  
  38  5:03  Command Center  
  38  5:05  Marine x2, Siege Tank  
  41  5:22  Orbital Command  
  41  5:23  Marine x2  
  36  5:52  SCV  
  37  6:00  Bunker  
  37  6:06  Battlecruiser  
  43  6:17  Refinery  
  43  6:20  Siege Tank  
  43  6:24  SCV x2  
  48  6:30  Supply Depot  
  48  6:36  SCV  
  43  7:11  SCV x2  
  45  7:23  SCV x2  
  45  7:26  Battlecruiser  
  53  7:30  Supply Depot  
  53  7:35  SCV x2, Missile Turret  
  55  7:38  Siege Tank  
  58  7:47  SCV x2  
  60  7:51  Refinery  
  60  7:55  Starport  
  60  7:59  SCV  
  60  8:00  SCV  
  60  8:04  Factory  
  62  8:06  Marine x2  
  64  8:53  Weapon Refit  
  64  8:58  Starport Reactor  
  64  9:04  Armory  
  64  9:08  Factory Tech Lab  
  64  9:12  SCV  
  64  9:13  SCV  
  66  9:48  Viking x2  
  70  9:56  Battlecruiser  
  70  9:58  Terran Ship Weapons Level 1  
  76  10:06  Marine x2  
  78  10:13  Orbital Command  
  78  10:18  Viking x2  
  82  10:24  Marine x2  
  82  10:27  Command Center  
  84  10:42  Marine x2  
  86  11:32  Viking x2  
  84  11:55  Supply Depot  
  84  11:58  Terran Infantry Weapons Level 1  
  84  11:59  Terran Ship Weapons Level 2  
  84  12:05  Armory  
  75  12:44  Battlecruiser  
  75  12:45  Viking x2  
  75  13:08  SCV  
  75  13:11  Refinery  
  76  13:15  Terran Vehicle And Ship Armor Level 1, Viking x2  
  76  13:19  Starport  
  80  13:20  SCV  
  80  13:21  Marine x2  
  83  13:27  Siege Tank x2  
  83  13:32  SCV  
  90  13:35  SCV x2  
  90  13:39  Marine x2  
  94  13:44  SCV  
  94  13:45  Viking x2  
  94  13:47  SCV  
  94  13:48  SCV  
  101  13:56  SCV  
  101  13:57  Marine x2  
  101  13:59  SCV  
  101  14:00  SCV  
  107  14:12  SCV  
  107  14:15  Viking  
  107  14:49  Starport Reactor  
  107  15:01  Supply Depot  
  103  15:57  Marine  
  103  16:00  Viking  
  103  16:01  Marine  
  101  16:06  Command Center  
  101  16:08  Refinery x2  
  101  16:16  Supply Depot  
  102  16:27  Terran Ship Weapons Level 3  
  102  16:28  Terran Vehicle And Ship Armor Level 2  
  102  16:30  Terran Infantry Weapons Level 2  
  101  16:35  Supply Depot  
  101  16:36  Supply Depot  
  101  16:37  Viking x4  
  109  16:40  Supply Depot  
  109  16:41  Supply Depot  
  109  17:07  Viking x4  
  117  17:11  Viking  
  119  17:26  Planetary Fortress  
  119  17:33  Command Center  
  119  17:34  Refinery  
  119  17:35  Refinery  
  119  17:37  Viking x4  
  119  17:41  Viking  
  129  17:53  Supply Depot  
  129  17:56  Supply Depot x2  
  129  18:03  Missile Turret  
  129  18:06  Missile Turret  
  129  18:07  Missile Turret, Viking x3  
  126  18:47  SCV  
  127  18:59  SCV  
  128  19:11  SCV  
  123  19:23  SCV  
  102  19:35  SCV  
  102  19:36  Missile Turret  
  102  19:37  Siege Tank x2  
  109  19:47  SCV  
  110  19:59  SCV  
  111  20:09  Siege Tank x2  
  90  20:52  Cyclone x2  
  90  20:54  Mag-Field Accelerator  
  96  21:12  Missile Turret  
  96  21:24  Cyclone x2  
  98  21:56  Cyclone x2  
Tags
 
League
GoldGold
Matchup
PvT
Opening
1/1/1
Replay Pack
20200422
Spawn Locations
Cross Positions
Add a new tag
Caveats
  • Supply blocks, unpowered buildings, or Contaminate may cause inaccurate times.
  • Supply counts are checked every 10 seconds.